 Dungeon Crawl Stone Soup version 0.29-a0-845-g6161e89988 (webtiles) character file.

Game seed: 1202428518442005558

10843 ytrimaz the Zephyrmancer (level 11, -6/72 HPs)
             Began as an Octopode Summoner on July 15, 2022.
             Was an Initiate of Gozag.
             Mangled by a vampire mosquito (11 damage)
             ... on level 11 of the Dungeon.
             The game lasted 00:53:06 (16045 turns).

ytrimaz the Zephyrmancer (Octopode Summoner)       Turns: 16045, Time: 00:53:07

Health: -6/72      AC:  1    Str:  8    XL:     11   Next: 68%
Magic:  20/22      EV: 15    Int: 21    God:    Gozag
Gold:   994        SH:  0    Dex: 13    Spells: 2/25 levels left

rFire   + . .      SeeInvis .   (no weapon)
rCold   . . .      Faith    .   (no shield)
rNeg    . . .      Spirit   .   (helmet restricted)
rPois   +          Reflect  .   o - amulet of regeneration
rElec   .          Harm     .   e - ring of resist corrosion
rCorr   +          Rampage  .   n - ring of protection from fire
Will    .....                   s - ring of poison resistance
Stlth   ++........              (no ring)
HPRegen 1.02/turn               (no ring)
MPRegen 0.18/turn               (no ring)
                                (no ring)
                                (no ring)

@: confused, ambrosia-drunk, gold aura
A: almost no armour, amphibious, 8 rings, camouflage 1, gelatinous body 1,
(nimble swimmer 1), tentacles
a: Renounce Religion, Potion Petition, Call Merchant, Bribe Branch


You were on level 11 of the Dungeon.
You worshipped Gozag.
Gozag was pleased with you.
You visited 2 branches of the dungeon, and saw 12 of its levels.

You collected 1586 gold pieces.
You spent 476 gold pieces at shops.
You paid 116 gold pieces to Gozag.

Inventory:

Missiles
 l - 2 throwing nets
Armour
 m - the +18 shield of the Gong {rElec rN+ Will+ EV-5}
   (You found it on level 6 of the Dungeon)

   It is deafeningly noisy when blocking attacks.
   EV:        It affects your evasion (-5).
   rElec:     It insulates you from electricity.
   rN:        It protects you from negative energy.
   Will:      It increases your willpower.
Jewellery
 a - a ring of ice
 e - a ring of resist corrosion (left tentacle)
 n - a ring of protection from fire (right tentacle)
 o - an amulet of regeneration (around mantle)
 s - a ring of poison resistance (on tentacle)
Wands
 b - a wand of iceblast (23)
 d - a wand of polymorph (11)
 j - a wand of quicksilver (7)
 w - a wand of charming (5)
Scrolls
 f - a scroll of poison
 h - 3 scrolls of enchant weapon
 k - a scroll of brand weapon
 p - a scroll of fog
 r - a scroll of acquirement
Potions
 g - 3 potions of mutation
 i - a potion of ambrosia
 q - a potion of flight
 t - 2 potions of might
 u - a potion of brilliance
 v - a potion of resistance


   Skills:
 * Level 5.8 Fighting
 - Level 0.1 Short Blades
 - Level 0.1 Long Blades
 - Level 0.1 Axes
 - Level 0.1 Maces & Flails
 - Level 0.1 Polearms
 - Level 0.1 Staves
 - Level 0.1 Ranged Weapons
 - Level 0.1 Throwing
 * Level 6.1 Dodging
 - Level 2.6 Stealth
 - Level 0.1 Shields
 - Level 7.5 Spellcasting
 - Level 0.1 Conjurations
 - Level 5.0 Hexes
 - Level 9.1 Summonings
 - Level 0.1 Necromancy
 - Level 0.1 Translocations
 - Level 0.1 Transmutations
 - Level 0.3 Fire Magic
 - Level 0.1 Ice Magic
 - Level 10.0 Air Magic
 - Level 0.1 Earth Magic
 - Level 2.4 Poison Magic
 - Level 0.1 Invocations


You had 2 spell levels left.
You knew the following spells:

 Your Spells              Type           Power      Damage    Failure   Level
a - Call Canine Familiar  Summ           46%        N/A       1%          3
b - Summon Guardian Gole  Hex/Summ       37%        N/A       1%          3
c - Summon Lightning Spi  Summ/Air       48%        N/A       1%          4
d - Blink                 Tloc           16%        N/A       12%         2
e - Summon Cactus Giant   Summ           23%        N/A       30%         6
f - Passwall              Tmut/Erth      6%         N/A       12%         2
g - Call Imp              Summ           46%        N/A       1%          2
h - Summon Small Mammal   Summ           100%       N/A       1%          1

Your spell library contained the following spells:

 Spells                   Type           Power      Damage    Failure   Level
 Ensorcelled Hibernation  Hex/Ice        36%        N/A       4%          2
 Magic Dart               Conj           32%        1d4       8%          1
 Sandblast                Erth           16%        2d6       8%          1
 Scorch                   Fire           18%        2d6       11%         2
 Searing Ray              Conj           16%        2d5       12%         2
 Dazzling Flash           Conj/Hex       36%        N/A       9%          3
 Silence                  Hex/Air        19%        N/A       11%         5
 Spider Form              Tmut/Pois      13%        N/A       14%         3
 Stone Arrow              Conj/Erth      16%        3d8       24%         3
 Anguish                  Hex/Necr       9%         N/A       28%         4
 Fulminant Prism          Conj/Hex       9%         3d7       28%         4
 Flame Wave               Conj/Fire      8%         2d5       58%         4
 Agony                    Necr           8%         N/A       91%         5
 Blade Hands              Tmut           4%         N/A       91%         5
 Fireball                 Conj/Fire      4%         3d4       91%         5
 Manifold Assault         Tloc           8%         N/A       91%         5
 Iron Shot                Conj/Erth      4%         9d2       100%        6
 Starburst                Conj/Fire      4%         6d3       100%        6
 Storm Form               Tmut/Air       14%        N/A       100%        7
 Ignition                 Fire           4%         3d4       100%        8
 Animate Armour           Summ/Erth      Unusable   N/A       N/A         4

Dungeon Overview and Level Annotations

Branches:
Dungeon (11/15)            Temple (1/1) D:7            Lair (0/6) D:10
    Orc (0/2) D:11

Altars:
Ashenzari
Cheibriados
Dithmenos
Elyvilon
Fedhas
Gozag
Hepliaklqana
Kikubaaqudgha
Makhleb
Nemelex Xobeh
Okawaru
Qazlal
Ru
Sif Muna
Trog
Uskayaw
Vehumet
Wu Jian
Xom
Yredelemnul
Zin
The Shining One

Shops:
D:8 (   D:10 :

Annotations:
D:6 exclusion: electric eel
D:7 3 runed translucent doors, zhov's ghost, novice DsNe
D:8 exclusion: 4 doors
D:10 3 runed translucent doors, exclusion: electric eel, Erolcha; pigah's ghost, journeyman OpAE


Innate Abilities, Weirdness & Mutations

You cannot wear most types of armour.
You are amphibious.
You can wear up to eight rings at the same time.
Your skin changes colour to match your surroundings (Stealth+).
Your rubbery body absorbs attacks. (AC +1, EV +1)
((You are camouflaged when in or above water. (Stealth+)))
You have tentacles for arms and can constrict up to eight enemies at once.


Message History

The vampire mosquito draws strength from your injuries!
Something barely misses your wolf. Something closely misses your wolf.
Found 9 gold pieces.
The acid dragon bites your guardian golem!
The acid dragon barely misses your guardian golem.
Unknown command.
The vampire mosquito closely misses you.
The vampire mosquito bites you.
* * * LOW HITPOINT WARNING * * *
The vampire mosquito draws strength from your injuries!
The vampire mosquito bites you!
* * * LOW HITPOINT WARNING * * *
The vampire mosquito draws strength from your injuries!
Something bites your guardian golem! Something claws your guardian golem.
Your guardian golem overheats!
Found a stone staircase leading down.
Something bites your guardian golem! Flame seeps out of your guardian golem.
Something claws your guardian golem. Flame seeps out of your guardian golem.
The vampire mosquito misses you.
Your guardian golem is engulfed in blazing flames.
Your guardian golem disappears in a puff of smoke!
Your guardian golem explodes!
The fiery explosion engulfs the vampire mosquito!!
You feel a bit more experienced.
You hear a shout!
Unknown command.
Unknown command.
You are confused.
You feel invigorated. The vampire mosquito bites you.
* * * LOW HITPOINT WARNING * * *
The vampire mosquito draws strength from your injuries!
The vampire mosquito is engulfed in blazing flames.
Unknown command.
Unknown command.
The vampire mosquito bites you!
* * * LOW HITPOINT WARNING * * *
The vampire mosquito draws strength from your injuries!
The vampire mosquito is engulfed in blazing flames.
The vampire mosquito bites you!
You die...
Your body crumbles into a pile of gold.

#.... ..# ...
.... ..##...
#... .......
#... ......>
#... .....
#..$ ...
#...#.# ≈≈≈ $
#@# ≈≈# ##y#
.≈≈#
#.y###.≈≈# $
#.#°D..≈≈#
##..§...≈≈#
##.......≈≈##
#8.......≈≈≈≈
#...#.....≈≈≈
##..#........


You could see 2 vampire mosquitoes.

Vanquished Creatures
  Sigmund (D:2)
  2 yaks (D:10)
  A kobold brigand (D:7)
  A hound (D:6)
  An orc wizard (D:10)
  An orc (D:3)
  A bat (D:2)
  A giant cockroach (D:1)
  A jackal (D:3)
  5 ball pythons
  A frilled lizard (D:1)
  2 goblins
  A kobold (D:1)
  A rat (D:1)
20 creatures vanquished.

Vanquished Creatures (collateral kills)
  A two-headed ogre (D:8)
  Lodul (D:10)
  A cyclops (D:11)
  A manticore (D:8)
  An orange demon (D:10)
  3 trolls
  A shadow (D:11)
  4 yaks (D:10)
  A wraith (D:10)
  2 wyverns
  A steam dragon (D:9)
  A water moccasin (D:5)
  5 ogres
  A centaur (D:8)
  A phantom (D:5)
  3 lemures (D:7)
  A kobold brigand (D:9)
  A necrophage (D:4)
  A gnoll sergeant (D:7)
  2 bullfrogs
  A scorpion (D:6)
  4 wights (D:8)
  Dowan (D:6)
  An electric eel (D:10)
  A howler monkey (D:6)
  A jelly (D:8)
  A hound (D:4)
  An orc priest (D:7)
  5 iguanas
  Natasha (thrice) (D:3)
  2 orc wizards
  Robin (D:3)
  2 adders
  6 gnolls
  2 shadow imps (D:8)
  A white imp (D:5)
  3 worms
  2 dart slugs
  22 orcs
  2 bats (D:1)
  6 endoplasms
  3 giant cockroaches
  15 goblins
  9 hobgoblins
  2 jackals (D:3)
  13 kobolds
  3 ball pythons
  A frilled lizard (D:1)
  8 rats
155 creatures vanquished.

Vanquished Creatures (others)
  2 two-headed ogres
  Amaemon (D:10)
  Pikel (D:7)
  5 yaks (D:10)
  A steam dragon (D:9)
  2 acid dragons
  Duvessa (D:6)
  Pargi (D:3)
  An orc warrior (D:7)
  5 ogres
  A lemure (D:7)
  Blork the orc (D:6)
  4 killer bees (D:10)
  Ijyb (D:3)
  An orc wizard (D:5)
  A gnoll (D:4)
  2 adders (D:4)
  4 orcs
  2 goblins (D:3)
  2 hobgoblins (D:3)
  10 plants
49 creatures vanquished.

Grand Total: 224 creatures vanquished

Notes
Turn   | Place    | Note
-------+----------+-------------------------------------------
     0 | D:1      | ytrimaz the Octopode Summoner began the quest for the Orb.
     0 | D:1      | Reached XP level 1. HP: 11/11 MP: 3/3
   194 | D:1      | Reached XP level 2. HP: 2/17 MP: 3/5
   802 | D:1      | Reached XP level 3. HP: 21/21 MP: 4/6
   805 | D:1      | Learned a level 2 spell: Call Imp
   809 | D:1      | Learned a level 3 spell: Call Canine Familiar
  2245 | D:2      | Reached skill level 5 in Summonings
  2245 | D:2      | Reached XP level 4. HP: 27/27 MP: 8/8
  2687 | D:2      | Noticed Sigmund
  2702 | D:2      | Killed Sigmund
  2703 | D:2      | Reached XP level 5. HP: 17/31 MP: 2/10
  2973 | D:2      | Learned a level 3 spell: Summon Guardian Golem
  3017 | D:3      | Reached XP level 6. HP: 36/36 MP: 7/11
  3079 | D:3      | Noticed Pargi
  3109 | D:3      | Killed Pargi
  3269 | D:3      | Found a shadowy altar of Dithmenos.
  3280 | D:3      | Noticed Natasha
  3292 | D:3      | Killed Natasha
  3500 | D:3      | Noticed Ijyb
  3532 | D:3      | Killed Ijyb
  3709 | D:3      | Noticed Natasha
  3752 | D:3      | Killed Natasha
  3855 | D:3      | Noticed Natasha
  3878 | D:3      | Killed Natasha
  4002 | D:3      | Reached XP level 7. HP: 41/41 MP: 8/14
  4183 | D:3      | Noticed Robin
  4224 | D:3      | Killed Robin
  4851 | D:4      | Reached skill level 5 in Spellcasting
  5084 | D:4      | Reached skill level 1 in Hexes
  6081 | D:4      | Learned a level 4 spell: Summon Lightning Spire
  6143 | D:5      | Entered Level 5 of the Dungeon
  6241 | D:5      | Reached skill level 1 in Air Magic
  6241 | D:5      | Reached XP level 8. HP: 46/46 MP: 9/16
  6425 | D:5      | Reached skill level 2 in Air Magic
  6654 | D:5      | Reached skill level 3 in Air Magic
  6877 | D:5      | Found a shimmering blue altar of Sif Muna.
  6878 | D:5      | Found a sparkling altar of Nemelex Xobeh.
  7235 | D:5      | Found a burning altar of Makhleb.
  7538 | D:6      | Reached skill level 4 in Air Magic
  7891 | D:6      | Noticed Blork the orc
  7901 | D:6      | Killed Blork the orc
  7918 | D:6      | Noticed Duvessa
  7936 | D:6      | Noticed Dowan
  7975 | D:6      | Killed Dowan
  8447 | D:6      | Killed Duvessa
  8448 | D:6      | Reached skill level 5 in Air Magic
  9586 | D:7      | Noticed a wyvern
  9595 | D:7      | Killed a wyvern
  9596 | D:7      | Reached XP level 9. HP: 47/51 MP: 4/17
  9690 | D:7      | Found an opulent altar of Gozag.
  9782 | D:7      | Reached skill level 5 in Hexes
  9847 | D:7      | Found a runed translucent gate.
  9857 | D:7      | Found a runed translucent gate.
  9858 | D:7      | Found a runed translucent gate.
  9858 | D:7      | Identified the +4 chain mail "Mydghiti" {Slay+2}
  9861 | D:7      | Noticed zhov's ghost (novice DsNe)
 10018 | D:7      | Reached skill level 6 in Air Magic
 10257 | D:7      | Found a staircase to the Ecumenical Temple.
 10269 | Temple   | Entered the Ecumenical Temple
 10499 | D:7      | Became a worshipper of Gozag Ym Sagoz the Greedy
 10951 | D:7      | Noticed Pikel
 11016 | D:7      | Killed Pikel
 11017 | D:7      | Reached skill level 7 in Air Magic
 11546 | D:8      | Reached skill level 8 in Air Magic
 11762 | D:8      | Noticed a manticore
 11781 | D:8      | Identified a scroll of acquirement
 11804 | D:8      | Killed a manticore
 11805 | D:8      | Reached skill level 9 in Air Magic
 11968 | D:8      | Noticed a two-headed ogre
 11979 | D:8      | Killed a two-headed ogre
 11980 | D:8      | Reached skill level 10 in Air Magic
 11980 | D:8      | Reached XP level 10. HP: 56/56 MP: 8/18
 12096 | D:8      | HP: 2/56 [centaur (3)]
 12125 | D:8      | Found Raclyblaa's Antique Weapon Emporium.
 12388 | D:8      | Noticed a two-headed ogre
 12399 | D:8      | Killed a two-headed ogre
 13388 | D:9      | Identified the +10 mace "Hiajadwa" {vorpal, Will++ Str+4}
 14060 | D:9      | Found a blossoming altar of Fedhas.
 14081 | D:10     | Entered Level 10 of the Dungeon
 14231 | D:10     | Noticed Erolcha
 14253 | D:10     | Found Dauzego's Book Emporium.
 14256 | D:10     | Bought an Inescapable Atlas for 476 gold pieces
 14297 | D:10     | Noticed Amaemon
 14297 | D:10     | Noticed an orange demon
 14309 | D:10     | Killed an orange demon
 14321 | D:10     | Killed Amaemon
 14634 | D:10     | Learned a level 2 spell: Blink
 14641 | D:10     | Learned a level 6 spell: Summon Cactus Giant
 14665 | D:10     | Noticed Lodul
 14670 | D:10     | Reached skill level 1 in Fighting
 14673 | D:10     | Killed Lodul
 14674 | D:10     | Reached XP level 11. HP: 65/65 MP: 5/22
 14907 | D:10     | Found a staircase to the Lair.
 15060 | D:10     | Learned a level 2 spell: Passwall
 15208 | D:10     | Found a runed translucent gate.
 15209 | D:10     | Found a runed translucent gate.
 15209 | D:10     | Found an opulent altar of Gozag.
 15210 | D:10     | Found a runed translucent gate.
 15212 | D:10     | Noticed a wolf spider
 15212 | D:10     | Noticed pigah's ghost (journeyman OpAE)
 15269 | D:10     | Reached skill level 5 in Dodging
 15519 | D:10     | Noticed a two-headed ogre
 15543 | D:10     | Killed a two-headed ogre
 15544 | D:10     | Reached skill level 5 in Fighting
 15726 | D:11     | Noticed a cyclops
 15744 | D:11     | Killed a cyclops
 15806 | D:11     | Found a staircase to the Orcish Mines.
 16045 | D:11     | Mangled by a vampire mosquito

Illustrated notes

Levels and vault maps discovered:
D:1:      dpeg_arrival_triangle_fractal, layout_basic
D:2:      layout_basic, uniq_sigmund
D:3:      layout_basic, nicolae_overflow_crystal_walls, uniq_ijyb, uniq_natasha,
          uniq_robin, uniq_pargi
D:4:      layout_gridville, guppyfry_early_lair_pool
D:5:      layout_layer_cave, gammafunk_temple_overflow_wave, bloody_makhleb
D:6:      layout_basic, minivault_4, uniq_blork_the_orc, uniq_duvessa
D:7:      layout_basic, nicolae_gozag_seed_capital,
          minmay_temple_entry_sparse_star, biasface_ghost_orc_armoury,
          uniq_pikel
D:8:      layout_loops_cross, serial_shops, nicolae_shop_hallway_stairs,
          kennysheep_generic_room_6
D:9:      layout_stronghold, nicolae_overflow_hidden_temple,
          roderic_filled_cross, fungi_pond_lemuel
D:10:     layout_irregular_city, lair_entry_dummy, serial_shops,
          kennysheep_mini, ebering_ghost_gozag, serial_bayou,
          serial_bayou_ford_a, serial_bayou_pond_b, serial_bayou_lagoon_b,
          serial_bayou_pond_e, uniq_lodul, uniq_erolcha, uniq_amaemon
D:11:     layout_cave_pods, david_orc_1_choice, gauntlet_entry_generic,
          elves_outpost_lemuel
Temple:   eino_temple_scatter_basement

Skill      XL: |  1  2  3  4  5  6  7  8  9 10 11 |
---------------+----------------------------------+-----
Summonings     | 5 6 7 9 |  9.1
Spellcasting   | 3 4 5 7 |  7.5
Hexes          | 1 4 5 |  5.0
Air Magic      | 1 5 10 | 10.0
Poison Magic   | 2 |  2.4
Fighting       | 2 5 |  5.8
Dodging        | 3 6 |  6.1
Short Blades   | |  0.1
Long Blades    | |  0.1
Axes           | |  0.1
Maces & Flails | |  0.1
Polearms       | |  0.1
Staves         | |  0.1
Ranged Weapons | |  0.1
Throwing       | |  0.1
Stealth        | |  2.6
Shields        | |  0.1
Conjurations   | |  0.1
Necromancy     | |  0.1
Translocations | |  0.1
Transmutations | |  0.1
Fire Magic     | |  0.3
Ice Magic      | |  0.1
Earth Magic    | |  0.1
Invocations    | |  0.1

Action                   |  1- 3 |  4- 6 |  7- 9 | 10-12 || total
-------------------------+-------+-------+-------+-------++-------
Melee: Unarmed           |    25 |     9 |    26 |    17 ||    77
       Constrict         |     8 |     4 |     8 |     1 ||    21
       Tentacles         |     8 |     4 |     4 |     6 ||    22
       Punch             |     1 |       |       |       ||     1
 Cast: Summon Small Mamm |    23 |     2 |    10 |       ||    35
       Call Imp          |    13 |    10 |    19 |    12 ||    54
       Call Canine Famil |     3 |    16 |    56 |    30 ||   105
       Summon Guardian G |       |     6 |    41 |    30 ||    77
       Summon Lightning  |       |       |    22 |    33 ||    55
       Passwall          |       |       |       |     3 ||     3
       Blink             |       |       |       |     2 ||     2
       Summon Cactus Gia |       |       |       |     1 ||     1
Evoke: Wand              |       |       |       |     1 ||     1
  Use: Potion            |     1 |     2 |     6 |     5 ||    14
       Scroll            |     5 |     4 |     8 |     8 ||    25
 Stab: Sleeping          |     1 |       |       |       ||     1
       Distracted        |       |       |     2 |     2 ||     4
Armor: Skin              |    10 |     4 |     6 |     8 ||    28
Dodge: Dodged            |    46 |    33 |    60 |    44 ||   183

Table legend: (Time is in decaauts)
 A = Elapsed time spent in this place.
 B = Non-inter-level travel time spent in this place.
 C = Inter-level travel time spent in this place.
 D = Time resting spent in this place.
 E = Time spent auto-exploring this place.
 F = Levels seen in this place.
 G = Mean time per level.
                   A        B        C        D        E       F      G
               +--------+--------+--------+--------+--------+-----+--------+
         Total |  15992 |  15492 |    500 |   2699 |   9626 |  12 | 1332.7 |
       Dungeon |  15826 |  15334 |    492 |   2699 |   9484 |  11 | 1438.7 |
        Temple |    165 |    157 |      8 |      0 |    142 |   1 |  165.0 |
               +--------+--------+--------+--------+--------+-----+--------+

Top non-repeatable levels by time:
     D:6: 2017 daAuts
     D:1: 2000 daAuts
     D:7: 1979 daAuts
     D:3: 1631 daAuts
     D:4: 1462 daAuts
    D:10: 1411 daAuts
     D:8: 1410 daAuts
     D:9: 1327 daAuts
     D:5: 1253 daAuts
     D:2: 1010 daAuts
    D:11: 321 daAuts
  Temple: 165 daAuts
